 Dungeon Crawl Stone Soup version 0.29.1-2-gbd0b4ee654 (webtiles) character file.

Game seed: 1747524540452141943

2 Raikaria the Caller (level 1, -1/16 HPs)
             Began as an Ogre Summoner on Nov 7, 2022.
             Slain by a quokka (2 damage)
             ... on level 1 of the Dungeon.
             The game lasted 00:00:54 (66 turns).

Raikaria the Caller (Ogre Summoner)                   Turns: 66, Time: 00:00:55

Health: -1/16      AC:  3    Str: 11    XL:     1   Next: 30%
Magic:  3/3        EV:  9    Int: 16    God:
Gold:   27         SH:  0    Dex:  9    Spells: 3/4 levels left

rFire   . . .      SeeInvis .   e - +0 mace
rCold   . . .      Faith    .   (no shield)
rNeg    . . .      Spirit   .   a - +0 robe
rPois   .          Reflect  .   (helmet restricted)
rElec   .          Harm     .   (no cloak)
rCorr   .          Rampage  .   (gloves unavailable)
Will    .....                   (boots unavailable)
Stlth   +.........              (no amulet)
HPRegen 0.05/turn               (no ring)
MPRegen 0.08/turn               (no ring)

@: no status effects
A: large, unfitting armour, tough skin 1
a: no special abilities


You were on level 1 of the Dungeon.
You visited 1 branch of the dungeon, and saw 1 of its levels.

You collected 27 gold pieces.

Inventory:

Hand Weapons
 e - a +0 mace (weapon)
Missiles
 c - 8 stones
 f - 4 boomerangs (quivered)
Armour
 a - a +0 robe (worn)
Scrolls
 d - a scroll of identify {unknown}
Potions
 b - a potion of magic


   Skills:
 + Level 0.2 Fighting
 + Level 1.8 Dodging
 - Level 1.4 Stealth
 + Level 2.4 Spellcasting
 + Level 3.6 Summonings


You had 3 spell levels left.
You knew the following spells:

 Your Spells              Type           Power      Damage    Failure   Level
a - Summon Small Mammal   Summ           52%        N/A       4%          1

Your spell library contained the following spells:

 Spells                   Type           Power      Damage    Failure   Level
 Call Imp                 Summ           13%        N/A       7%          2
 Call Canine Familiar     Summ           13%        N/A       13%         3
 Summon Guardian Golem    Hex/Summ       7%         N/A       28%         3
 Summon Lightning Spire   Summ/Air       7%         N/A       67%         4


Dungeon Overview and Level Annotations

Branches:
Dungeon (1/15)

Altars:


Innate Abilities, Weirdness & Mutations

You are too large for most types of armour.
You have tough skin. (AC +1)


Message History

Found a stone staircase leading down.
A quokka comes into view.
The kobold hits you with a +0 club.
You hit the kobold.
The kobold is severely wounded.
The kobold closely misses you.
Your quokka completely misses the kobold.
The kobold barely misses you.
You closely miss the kobold.
The kobold is severely wounded.
Your quokka misses the kobold. The kobold hits you with a +0 club.
Your quokka completely misses the kobold.
You barely miss the kobold.
The kobold is severely wounded.
The quokka barely misses you. The kobold closely misses you.
Your quokka misses the kobold. You closely miss the kobold.
The kobold is severely wounded.
Your quokka disappears in a puff of smoke!
The quokka bites you but does no damage.
The kobold barely misses you. The quokka bites you.
The kobold hits you with a +0 club.
You hit the kobold but do no damage.
The kobold is severely wounded.
The quokka barely misses you. The kobold hits you but does no damage.
The quokka bites you.
You closely miss the kobold.
The kobold is severely wounded.
The kobold hits you with a +0 club.
The quokka bites you but does no damage.
The kobold hits you with a +0 club.
* * * LOW HITPOINT WARNING * * *
You closely miss the kobold.
The kobold is severely wounded.
The quokka bites you.
* * * LOW HITPOINT WARNING * * *
The quokka barely misses you. The kobold barely misses you.
The kobold attacks as you move away! The kobold closely misses you.
The quokka bites you.
You die...

≈.........#.## .....
.....⌠...##..###.....
..⌠......'.......#
........##......####
.....####..........#
##########........####...
#....>..#.........# ##
#......!##.......##
#........r@.......#
#######..K....>...######
#.#...............
#.#.........###...
................##
...##...†...######
###.###.....## #..
##.#### #.


You could see a quokka and a kobold.

Vanquished Creatures
  A frilled lizard (D:1)
1 creature vanquished.

Vanquished Creatures (collateral kills)
  A quokka (D:1)
1 creature vanquished.

Grand Total: 2 creatures vanquished

Notes
Turn   | Place    | Note
-------+----------+-------------------------------------------
     0 | D:1      | Raikaria the Ogre Summoner began the quest for the Orb.
     0 | D:1      | Reached XP level 1. HP: 16/16 MP: 3/3
    66 | D:1      | Slain by a quokka

Illustrated notes

Levels and vault maps discovered:
D:1:      dpeg_arrival_stone_temple_mockup, layout_rooms, serial_shops,
          nicolae_shop_hallway_plus, basic_ecumenical_altar

Action                   || total
-------------------------++-------
Melee: Mace              ||     7
       Unarmed           ||     3
Throw: Stone             ||     2
 Cast: Summon Small Mamm ||     2
Armor: Robe              ||     3
Dodge: Dodged            ||    13
